 Dungeon Crawl Stone Soup version 0.30.0-10-gfe55d96785 (webtiles) character file.

Game seed: 3221763176913759660

33 razl the Magician (level 3, -5/25 HPs)
             Began as a Djinni Fire Elementalist on May 13, 2023.
             Killed from afar by Ijyb (17 damage)
             ... with a bolt of acid
             ... on level 2 of the Dungeon.
             The game lasted 00:14:36 (1084 turns).

razl the Magician (Djinni Fire Elementalist)        Turns: 1084, Time: 00:14:37

Health: -5/25      AC: -2    Str:  7    XL:     3   Next: 47%
Gold:   4          EV: 12    Int: 18    God:
                   SH:  0    Dex: 13

rFire   + + .        c - +2 spear (venom)
rCold   x . .        (no shield)
rNeg    . . .        a - +0 robe
rPois   ∞            (no helmet)
rElec   .            (no cloak)
rCorr   .            (no gloves)
SInv    .            (boots unavailable)
Will    .....        (no amulet)
Stlth   ++           (no ring)
HPRegen 0.24/turn    (no ring)
MPRegen 0.00/turn

%: infuse magic (-6 HP)
@: corroded, flying
A: sickness immunity, fire resistance 2, cold vulnerability 1, float, innate
caster, HP casting, extra vitality 1
a: no special abilities


You were on level 2 of the Dungeon.
You visited 1 branch of the dungeon, and saw 2 of its levels.

You collected 4 gold pieces.

Inventory:

Hand Weapons
 c - a +2 spear of venom (weapon)
Armour
 a - a +0 robe (worn)
Scrolls
 b - a scroll of teleportation {unknown}
 d - a scroll of fog {unknown}
 f - a scroll of enchant weapon {unknown}
Potions
 e - a potion of brilliance {unknown}
 g - a potion of invisibility {unknown}


   Skills:
 + Level 0.4 Polearms
 + Level 2.4 Dodging
 + Level 1.8 Stealth
 + Level 3.1 Spellcasting


You knew the following spells:

 Your Spells              Type           Power      Damage    Failure   Level
a - Foxfire               Conj/Fire      52%        2x1d6     4%          1
b - Scorch                Fire           26%        2d6       7%          2
c - Volatile Blastmotes   Fire/Tloc      26%        2d12      14%         3
d - Inner Flame           Hex/Fire       13%        N/A       14%         3
e - Flame Wave            Conj/Fire      13%        2d6       41%         4
f - Beastly Appendage     Tmut           26%        N/A       4%          1
Your spell library was empty.

Dungeon Overview and Level Annotations

Branches:
Dungeon (2/15)

Altars:

Annotations:
D:2 Ijyb


Innate Abilities, Weirdness & Mutations

You are immune to sickness and miasma.
You are immune to poison.
Your flesh is very heat resistant. (rF++)
You are vulnerable to cold. (rC-)
You float through the air rather than walking.
You learn spells naturally, not from books.
Your magical power is your life essence.
You have superior vitality. (+4 MHP)


Message History

A goblin comes into view. It is wielding a +0 club.
You hear a shout!
You conjure some foxfire!
Ijyb the Twisted Goblin comes into view.
She is wielding a +0 club and carrying a wand of acid (8).
You conjure some foxfire!
The foxfire hits the goblin.
You kill the goblin!
You conjure some foxfire!
Your foxfire dissipates!
You conjure some foxfire!
The foxfire hits the goblin.
You kill the goblin!
You conjure some foxfire!
The foxfire hits the goblin.
You kill the goblin!
A goblin comes into view. It is wielding a +0 dagger.
You conjure some foxfire!
Your foxfire dissipates!
The foxfire hits the goblin.
The goblin is heavily wounded.
You conjure some foxfire!
Your foxfire dissipates!
You conjure some foxfire!
Your foxfire dissipates!
The foxfire hits Ijyb but does no damage. x2
The foxfire hits Ijyb.
Ijyb is lightly wounded.
You conjure some foxfire!
Your foxfire dissipates!
Ijyb zaps a wand.
The bolt of acid misses your foxfire. The bolt of acid hits you.
The acid corrodes you!
You conjure some foxfire!
The foxfire hits the goblin.
The goblin is heavily wounded.
The foxfire hits the goblin.
You kill the goblin!
The foxfire hits Ijyb.
Ijyb is lightly wounded.
The foxfire hits Ijyb.
Ijyb is lightly wounded.
You conjure some foxfire!
Ijyb zaps a wand.
The bolt of acid hits your foxfire! The acid corrodes your foxfire!
The bolt of acid hits you!
Ouch! That really hurt!
You die...

.# .. .## ..# .# #.#
...# #.######
.#...## #.##...#
....[.§###..#...#
....)gv@v.#§....#
.....8#v§.......####
....) ###.#.^....).#
..). #..#...)##....
... ##.#§....# ...
.. #..†..†..# # .
#.#......#
##.##.......#
#..##......##


You could see Ijyb (ally target).

Vanquished Creatures
  A worm (D:1)
  A dart slug (D:2)
  3 ball pythons
  A bat (D:1)
  2 endoplasms (D:1)
  6 goblins
  2 hobgoblins (D:1)
  2 jackals (D:1)
  2 kobolds (D:2)
  A quokka (D:1)
  4 rats
25 creatures vanquished.

Vanquished Creatures (others)
  99 foxfires
99 creatures vanquished.

Grand Total: 124 creatures vanquished

Notes
Turn   | Place    | Note
-------+----------+-------------------------------------------
     0 | D:1      | razl the Djinni Fire Elementalist began the quest for the
                  | Orb.
     0 | D:1      | razl set off with the following spells memorised: Foxfire,
                  | Scorch, Volatile Blastmotes, Inner Flame, Flame Wave.
     0 | D:1      | Reached XP level 1. HP: 15/15 MP: 0/0
   229 | D:1      | Reached XP level 2. HP: 20/21 MP: 0/0
   741 | D:1      | Reached XP level 3. HP: 24/25 MP: 0/0
   741 | D:1      | Learned a level 1 spell: Beastly Appendage
  1040 | D:2      | Reached skill level 3 in Spellcasting
  1075 | D:2      | Noticed Ijyb
  1084 | D:2      | Killed from afar by Ijyb

Illustrated notes

Levels and vault maps discovered:
D:1:      heliophobic_arrival_dark_side_of_the_moon, layout_basic,
          nicolae_wormholes
D:2:      kennysheep_the_goblin_king, layout_rooms, basic_altar, uniq_terence

Skill      XL: |  1  2  3 |
---------------+----------+-----
Spellcasting   | 3 |  3.1
Polearms       | |  0.4
Dodging        | |  2.4
Stealth        | |  1.8

Action                     || total
---------------------------++-------
  Melee: Spear             ||     4
   Cast: Foxfire           ||    65
  Dodge: Dodged            ||     1
